[Event "*** Titled Tuesday Blitz"]
[Site "Chess.com"]
[Date "2020.04.14"]
[Round "2"]
[White "kagg1125"]
[Black "mphofmann"]
[Result "1-0"]
[WhiteElo "2508"]
[BlackElo "2266"]
[TimeControl "180+1"]
[EndTime "10:17:48 PDT"]
[Termination "kagg1125 won by resignation"]

1. e4 b6 2. d4 Bb7 3. Nc3 e6 4. Nf3 Bb4 5. Bd3 Nf6 6. e5 Ne4 7.
Bd2 Nxd2 8. Qxd2 Bxf3 9. gxf3 Nc6 10. Be4 f5 11. Bxc6 dxc6 12. a3 Be7 13. Ne2 Qd7 14.
O-O-O O-O-O 15. Kb1 Rhg8 16. h4 Qd5 17. Qe3 c5 18. Nf4 Qc6 19. Qb3 Rxd4 20. Rxd4 cxd4 21. Nxe6 Re8 22. Nxd4 Qd7 23. Qc4 Bc5 24. Nb5 a6 25. Nc3 Rxe5 26. Qxa6+ Kb8 27. f4 Re8 28. Rd1 Qc8 29. Qa4 Bxf2 30. Nb5 Qb7 31. Nd6 Rd8 32. Nxb7 Rxd1+ 33. Ka2 Kxb7 34. h5 Bc5 35. Qe8 Rd6 36.
Qe5 g6 37. h6 Rd7 38. a4 Re7 39. Qf6 Bd6 40. c3 Re4 41. Qg7 Re7 42. Kb3 Kc6 43. Qg8 Bxf4 44. Qc4+ Kb7 45. Qxf4 1-0

[Event "*** Titled Tuesday Blitz"]
[Site "Chess.com"]
[Date "2020.04.14"]
[Round "2"]
[White "Generalas"]
[Black "ninullia"]
[Result "1-0"]
[WhiteElo "2277"]
[BlackElo "2464"]
[TimeControl "180+1"]
[EndTime "10:17:48 PDT"]
[Termination "Generalas won on time"]

1. e4 e5 2. Nf3 Nc6 3. Bb5 a6 4. Ba4 Nf6 5. O-O Be7 6. Re1 b5 7. Bb3 d6 8. Bd5 Nxd5 9. exd5 Nd4 10. Nxd4 exd4 11. Qe2 Bd7 12. Qe4 f5 13. Qxd4 O-O 14. d3 Bf6 15. Qf4 Be5 16. Qf3 g5 17. Qh5 f4 18.
Nc3 Rf6 19. Qxg5+ Rg6 20. Qxd8+ Rxd8 21. d4 Bh3 22. dxe5 Bxg2 23. Bxf4 dxe5 24. Bg3 Bf3 25. Rxe5 h5 26. h4 b4 27. Ne4 Rg4 28. Nf6+ Kf7 29.
Nxg4 hxg4 30. Rae1 Bxd5 31. Rd1 c6 32. c4 bxc3 33.
bxc3 Rh8 34. h5 Kf6 35. c4 Bf3 36. Rd6+ Kf7 37. Rf5+ Ke8 38. Rg6 Ke7 39. Re5+ Kd7 40. c5 Bd5 41. Rg7+ Kc8 42. Bf4 Bf3 43. Kh2 1-0

[Event "*** Titled Tuesday Blitz"]
[Site "Chess.com"]
[Date "2020.04.14"]
[Round "2"]
[White "GMMatamoros"]
[Black "Lysiak_Poltorak"]
[Result "1-0"]
[WhiteElo "2490"]
[BlackElo "2235"]
[TimeControl "180+1"]
[EndTime "10:17:48 PDT"]
[Termination "GMMatamoros won by resignation"]

1. Nf3 Nf6 2. g3 g6 3. Bg2 Bg7 4. c4 O-O 5. O-O d5 6. d4 dxc4 7. Na3 c3 8. bxc3 c5 9. Re1 Qa5 10. Bb2 Rd8 11. e4 cxd4 12. cxd4 Bg4 13. Qb3 Bxf3 14.
Bxf3 Na6 15. Nc4 Qb4 16. Bc3 Qxb3 17. axb3 Rac8 18. Rec1 Ne8 19. e5 Rd7 20. Na5 b6 21. Nc6 Nb8 22. Nxa7 Rcd8 23. Nb5 Bh6 24. Re1 Nc7 25.
Nxc7 Rxc7 26. Bb2 Rc2 27. Rab1 Nc6 28. Be4 Rxb2 29. Rxb2 Nxd4 30. Kg2 Ne6 31. Bf3 Bg7 32. h4 Nc5 33. Rbe2 Rb8 34. b4 Nd3 35. Rd1 Nxe5 36. Rd5 Nxf3 37. Kxf3 e6 38. Rb5 Bf8 39. Rc2 Rd8 40. Rxb6 Kg7 41. Rc7 Rd4 42. Rbb7 Kh6 43. Rxf7 1-0

[Event "*** Titled Tuesday Blitz"]
[Site "Chess.com"]
[Date "2020.04.14"]
[Round "2"]
[White "Duong57"]
[Black "Lion-Al-Messi"]
[Result "0-1"]
[WhiteElo "2207"]
[BlackElo "2472"]
[TimeControl "180+1"]
[EndTime "10:17:48 PDT"]
[Termination "Lion-Al-Messi won by checkmate"]

1. d4 b6 2. c4 Bb7 3. Nc3 e6 4. e4 Bb4 5. Qc2 Ne7 6. Nf3 O-O 7. Bd3 f6 8. O-O Nbc6 9. Bd2 Ng6 10. a3 Bxc3 11. Bxc3 Nf4 12. d5 Ne7 13. e5 f5 14.
Rad1 Qe8 15. Rfe1 Qh5 16. Bf1 exd5 17. cxd5 Nexd5 18. Bd2 Kh8 19. Nd4 Nh3+ 20. Kh1 Nxf2+ 21. Kg1 Nxd1 22. Rxd1 f4 23. Be2 Qxe5 24. Bc1 Ne3 25. Bxe3 fxe3 26. Nf3 Bxf3 27. Bxf3 Rae8 28. Qe2 Re7 29.
Rd5 Qf4 30. Rd1 c6 31. h3 d5 32. Rd3 d4 33. Qd1 c5 34. Qe2 Qg3 35. b3 Rxf3 36.
Qxf3 Qxf3 37. gxf3 e2 38. Kg2 e1=Q 39. f4 Re2+ 40. Kf3 Qf2+ 41. Kg4 Qg2+ 42. Kf5 Qe4+ 43.
Kg5 Rg2+ 44. Kh4 Qxf4+ 45. Kh5 g6# 0-1

[Event "*** Titled Tuesday Blitz"]
[Site "Chess.com"]
[Date "2020.04.14"]
[Round "2"]
[White "Philosopherrr"]
[Black "Bagirova"]
[Result "0-1"]
[WhiteElo "2428"]
[BlackElo "2206"]
[TimeControl "180+1"]
[EndTime "10:17:48 PDT"]
[Termination "Bagirova won by resignation"]

1. e4 c5 2. Nf3 d6 3. Bb5+ Bd7 4. Bd3 g6 5. c3 Bg7 6. O-O Nc6 7. h3 e5 8. a4 Nge7 9. Na3 O-O 10. Nc4 Qc7 11. Bc2 a6 12. a5 Rad8 13. d3 h6 14. Bb3 Kh7 15. d4 cxd4 16. cxd4 Nxd4 17. Nxd4 exd4 18. Bf4 Bc6 19. Re1 g5 20. Bg3 Ng6 21. Kh2 Ne5 22. Nb6 Ng6 23. Rc1 Qe7 24. Nd5 Bxd5 25.
exd5 Qf6 26. Rc7 Nf4 27. Rxb7 h5 28. Bc2+ Kh8 29. Kh1 Rfe8 30. Rxe8+ Rxe8 31. Bxf4 Qxf4 32. Qxh5+ Kg8 33. Bh7+ Kf8 34. Qd1 Qxf2 35. Bd3 Re1+ 36. Qxe1 Qxe1+ 37. Kh2 Be5+ 0-1

[Event "*** Titled Tuesday Blitz"]
[Site "Chess.com"]
[Date "2020.04.14"]
[Round "2"]
[White "IngOscarArdila"]
[Black "jaskol95"]
[Result "0-1"]
[WhiteElo "2118"]
[BlackElo "2404"]
[TimeControl "180+1"]
[EndTime "10:17:48 PDT"]
[Termination "jaskol95 won by resignation"]

1. d4 Nf6 2. c4 g6 3. Nc3 d5 4. cxd5 Nxd5 5. e4 Nxc3 6. bxc3 Bg7 7. Bc4 O-O 8. Ne2 c5 9. O-O Nc6 10. Be3 Bd7 11. Qd2 Qa5 12. Rab1 cxd4 13. cxd4 Qxd2 14.
Bxd2 Nxd4 15. Rxb7 Bc6 16. Rxe7 Nxe2+ 17. Bxe2 Bf6 18.
Rc7 Bxe4 19. Be3 a5 20. Rfc1 a4 21. Bh6 Bg7 22. Bxg7 Kxg7 23. Bc4 Rac8 24. Bb5 Rxc7 25. Rxc7 Rb8 26. f3 Rxb5 27. fxe4 Rb2 28. a3 Rb3 29. Rc4 Rxa3 30. Kf2 Kf6 31. h3 h5 32.
Rb4 Ke5 33. Rb7 f6 34. Re7+ Kf4 35. Re6 Ra2+ 36. Kg1 Kg3 37. Kf1 Rf2+ 38. Ke1 a3 39. Ra6 a2 40. Ra3+ Kxg2 41. Ra6 a1=Q+ 0-1

[Event "*** Titled Tuesday Blitz"]
[Site "Chess.com"]
[Date "2020.04.14"]
[Round "2"]
[White "anushanlv"]
[Black "mortngabriel"]
[Result "1-0"]
[WhiteElo "2128"]
[BlackElo "2385"]
[TimeControl "180+1"]
[EndTime "10:17:48 PDT"]
[Termination "anushanlv won by resignation"]

1. Nf3 Nf6 2. d4 e6 3. e3 d5 4. c4 b6 5. Nc3 Bb7 6. cxd5 Nxd5 7. Bd3 Be7 8. O-O O-O 9. Nxd5 exd5 10. b3 Nd7 11.
Bb2 Nf6 12. Rc1 c5 13. Qe2 Rc8 14. Rfd1 Re8 15. Bb5 Bc6 16. Bxc6 Rxc6 17. h3 h6 18. Rc2 Ne4 19. Rdc1 Bf6 20. Nd2 Qe7 21. Nxe4 Qxe4 22.
dxc5 Bxb2 23. Rxb2 bxc5 24. Qb5 Rec8 25. Rbc2 Qe7 26.
Rd1 Qe6 27. Rcd2 Rd6 28. Qb7 a6 29. Rxd5 Rxd5 30. Qxd5 Qxd5 31. Rxd5 c4 32. bxc4 Rxc4 33. Ra5 Rc6 34. g4 Kf8 35. Kg2 Ke7 36. h4 Kd6 37. h5 Kc7 38. Kg3 Kb6 39. Rf5 f6 40. Rd5 Rc7 41. Kf4 Rc2 42. f3 Kc6 43. Ra5 Kb6 44. Ra3 Rc5 45. e4 a5 46. Rd3 Kc6 47. Rd8 Kb5 48. Rd5 a4 49. Kf5 a3 50. Kg6 Kc4 51.
Rxc5+ Kxc5 52. Kxg7 Kb4 53. Kxh6 Kc3 54. Kg6 Kb2 55. h6 Kxa2 56. h7 Kb3 57. h8=Q a2 58. Qxf6 1-0

[Event "*** Titled Tuesday Blitz"]
[Site "Chess.com"]
[Date "2020.04.14"]
[Round "2"]
[White "vaishali2001"]
[Black "Funkmaus"]
[Result "1-0"]
[WhiteElo "2450"]
[BlackElo "2186"]
[TimeControl "180+1"]
[EndTime "10:17:49 PDT"]
[Termination "vaishali2001 won on time"]

1. e4 c6 2. d4 d5 3. Nd2 dxe4 4. Nxe4 Nf6 5. Nxf6+ exf6 6. Nf3 Bd6 7. Bd3 Bg4 8. h3 Bh5 9. Qe2+ Qe7 10. Qxe7+ Bxe7 11. Nh4 Nd7 12. Nf5 Bf8 13. Bf4 O-O-O 14. O-O Bg6 15. a4 Nb6 16. a5 Nd5 17. Bg3 a6 18. c3 h5 19. Rfe1 h4 20. Bh2 Rh5 21. g4 hxg3 22.
Nxg3 Rg5 23. Bf1 Bd6 24. Bg2 Rh8 25. Kh1 Nf4 26. Re3 Nxh3 27. Bxh3+ Rxh3 28. Rae1 Kd7 29. Kg2 Rh8 30. Rf1 f5 31. f4 Rg4 32. Ref3 f6 33.
R1f2 Bf7 34. Kf1 Bd5 35. Re3 Rh3 36. Nxf5 1-0

[Event "*** Titled Tuesday Blitz"]
[Site "Chess.com"]
[Date "2020.04.14"]
[Round "2"]
[White "TST2014"]
[Black "Aryangholami"]
[Result "1-0"]
[WhiteElo "2542"]
[BlackElo "2734"]
[TimeControl "180+1"]
[EndTime "10:17:50 PDT"]
[Termination "TST2014 won by checkmate"]

1. d4 d5 2. c4 e6 3. Nf3 a6 4. Bg5 Be7 5. Bxe7 Qxe7 6. e3 Nf6 7. Nc3 dxc4 8. Bxc4 b5 9. Bb3 Bb7 10. a4 b4 11. Ne2 Nbd7 12. Ng3 O-O 13. O-O c5 14. a5 Rfd8 15. Qe2 Rac8 16. Bc4 cxd4 17. Nxd4 Nc5 18. Rfd1 g6 19. f3 Qc7 20. Kh1 h5 21.
Nb3 h4 22. Nf1 h3 23. Nxc5 hxg2+ 24. Kxg2 Qxc5 25. Rxd8+ Rxd8 26. Bxa6 Bxa6 27. Qxa6 Qc2+ 28. Kg1 Qxb2 29. Qb6 Rc8 30. Rd1 Nd5 31. Qb7 Rc2 32.
a6 Rg2+ 33. Kh1 Qf2 34. Qb8+ Kh7 35. Nd2 Nc3 36. Qc7 Kg8 37. Qb8+ Kh7 38. Qc7 Kg7 39. Qe5+ f6 40. Qc7+ Kh6 41. Qf4+ Kh5 42. Qxf6 Nxd1 43. Qh8+ Kg5 44. Ne4+ Kf5 45. Qf6# 1-0

[Event "*** Titled Tuesday Blitz"]
[Site "Chess.com"]
[Date "2020.04.14"]
[Round "2"]
[White "EndgameGrinder"]
[Black "adricalderon8"]
[Result "0-1"]
[WhiteElo "2678"]
[BlackElo "2444"]
[TimeControl "180+1"]
[EndTime "10:17:50 PDT"]
[Termination "adricalderon8 won on time"]

1. d4 Nf6 2. Nf3 g6 3. c4 Bg7 4. Nc3 d5 5. e3 O-O 6. Qb3 dxc4 7.
Bxc4 c5 8. d5 a6 9. a4 Bg4 10.
Be2 Qc7 11. h3 Bf5 12. O-O Nbd7 13. g4 Be4 14. Nd2 c4 15. Qxc4 Qxc4 16. Bxc4 Rac8 17. Ba2 Bd3 18. Re1 Nc5 19. Nb3 Nce4 20. Nxe4 Nxe4 21.
f3 Nc5 22. Nxc5 Rxc5 23. Bb3 Bc2 24. Bxc2 Rxc2 25. Rd1 Rfc8 26. Bd2 Rxb2 27. Rab1 Rcc2 28. Rxb2 Rxb2 29. a5 Be5 30. Kf1 Bc7 31. Ke1 Kf8 32. Rc1 Bg3+ 33. Kd1 Ke8 34. f4 Kd7 35. Rc2 Rxc2 36.
Kxc2 f5 37. Kd3 h5 38. gxh5 gxh5 39. e4 fxe4+ 40. Kxe4 Bh4 41. Kf5 Bf6 42. Be1 Kd6 0-1

[Event "*** Titled Tuesday Blitz"]
[Site "Chess.com"]
[Date "2020.04.14"]
[Round "2"]
[White "stanyga"]
[Black "NormWeinstein"]
[Result "1-0"]
[WhiteElo "2670"]
[BlackElo "2352"]
[TimeControl "180+1"]
[EndTime "10:17:50 PDT"]
[Termination "stanyga won on time"]

1. e4 c5 2. Nf3 d6 3. Bb5+ Bd7 4. Bxd7+ Nxd7 5. O-O Ngf6 6. Re1 e6 7. d4 cxd4 8.
Nxd4 a6 9. c4 Be7 10. b3 O-O 11. Bb2 Qc7 12. Nc3 Rad8 13. Rc1 Rfe8 14. Qd2 Bf8 15.
f3 g6 16. Red1 b6 17. Qf2 Qb7 18. Nde2 Rc8 19. Nb1 Be7 20. Nf4 b5 21. Na3 Rc7 22. Qe2 Rb8 23. Kh1 Bf8 24. Nd3 Be7 25. e5 dxe5 26.
Nxe5 Nxe5 27. Qxe5 Rc5 28. Qe3 bxc4 29. Bxf6 cxb3 30.
Rxc5 Bxc5 31. Qxc5 bxa2 32. h3 Qb3 33. Qc1 a5 34. Qh6 Qxd1+ 35. Kh2 Qd6+ 36. g3 Qf8 37. Qf4 Rb1 38. Qe4 a1=Q 39. Bxa1 Rxa1 40. Nc4 Ra4 41. Qc2 Qe8 42. Ne5 1-0

[Event "*** Titled Tuesday Blitz"]
[Site "Chess.com"]
[Date "2020.04.14"]
[Round "2"]
[White "moro182"]
[Black "zabivol_mc"]
[Result "1-0"]
[WhiteElo "2683"]
[BlackElo "2388"]
[TimeControl "180+1"]
[EndTime "10:17:51 PDT"]
[Termination "moro182 won by resignation"]

1. Nf3 Nf6 2. c4 g6 3. b3 Bg7 4.
Bb2 O-O 5. g3 d6 6. d4 e5 7.
dxe5 Nfd7 8. Bg2 dxe5 9. Qd2 Nc6 10. Nc3 Nd4 11. Rd1 c6 12. O-O Qe7 13. Qc1 Nxf3+ 14. Bxf3 Nf6 15. Ba3 c5 16. Qe3 Nd7 17. Na4 Re8 18.
Bxc5 Nxc5 19. Qxc5 Bh3 20. Qxe7 Rxe7 21. Bg2 Bg4 22. Rd2 Rc8 23. h3 Bf5 24. Nc3 e4 25.
Nd5 Ree8 26. g4 Bd7 27. e3 Bc6 28. Rfd1 h5 29. gxh5 gxh5 30. Nf4 h4 31. Kh1 b5 32.
cxb5 Bxb5 33. Nd5 Bd3 34. Bf1 Rc2 35. Bxd3 exd3 36. Nf4 Rec8 37. Nxd3 Rxd2 38. Rxd2 Rd8 39. Rd1 Bc3 40. Kg2 f6 41. f4 Kf7 42. Kf3 Rg8 43. Nf2 Rg3+ 44. Ke2 Bb4 45. Rd7+ Ke6 46. Rxa7 Bc5 47. Ra6+ Kd5 48. e4+ Kd4 49. Ra4+ Kc3 50. Rc4+ 1-0

[Event "*** Titled Tuesday Blitz"]
[Site "Chess.com"]
[Date "2020.04.14"]
[Round "2"]
[White "willc-h99"]
[Black "swisspower96"]
[Result "0-1"]
[WhiteElo "2320"]
[BlackElo "2662"]
[TimeControl "180+1"]
[EndTime "10:17:51 PDT"]
[Termination "swisspower96 won on time"]

1. c4 e5 2. g3 Nf6 3. Bg2 Bc5 4. Nc3 c6 5. e3 O-O 6. Nge2 Re8 7. O-O e4 8. d3 exd3 9. Qxd3 d6 10. Na4 Nbd7 11.
b3 h5 12. Bb2 h4 13. Nxc5 Nxc5 14. Qc2 Bg4 15. Nf4 Nh7 16. b4 Nd7 17. h3 Be6 18.
Nh5 f6 19. Qg6 Qe7 20. gxh4 Qf7 21. Qxf7+ Bxf7 22. Nf4 Bxc4 23. Rfd1 d5 24. a3 Nb6 25. Rac1 a5 26. Bc3 Na4 27. Be1 Nf8 28. e4 Bb3 29.
Rd3 Bc4 30. Rdd1 Nb6 31. bxa5 Na4 32. exd5 cxd5 33. Bxd5+ Bxd5 34. Nxd5 Red8 35. Rc7 Ne6 36. Ne7+ Kh7 37. Rxd8 Rxd8 38. Rxb7 Nac5 39. Rb6 Rd1 40. Kf1 Nf4 41. Nf5 Ncd3 0-1

[Event "*** Titled Tuesday Blitz"]
[Site "Chess.com"]
[Date "2020.04.14"]
[Round "2"]
[White "Mourinho_Jose"]
[Black "Training_Day"]
[Result "1-0"]
[WhiteElo "2634"]
[BlackElo "2311"]
[TimeControl "180+1"]
[EndTime "10:17:51 PDT"]
[Termination "Mourinho_Jose won on time"]

1. Nf3 d5 2. g3 c6 3. Bg2 Bg4 4.
O-O e6 5. d4 Nf6 6. Nbd2 Nbd7 7. Re1 Be7 8. e4 O-O 9. c3 h6 10. Qb3 dxe4 11. Nxe4 Qb6 12. Nxf6+ Nxf6 13. Ne5 Bf5 14. Nc4 Qxb3 15. axb3 Rfd8 16. Na5 Rab8 17. Bf4 Bd6 18. Bxd6 Rxd6 19. Nc4 Rdd8 20. Rxa7 Nd5 21. Na5 Ra8 22. Rxa8 Rxa8 23. Nxb7 Ra2 24. Nc5 Rxb2 25. Rc1 Nxc3 26. Bf3 Na2 27. Ra1 Nb4 28. Kg2 Rd2 29.
Ra8+ Kh7 30. Rd8 Nc2 31. Bxc6 Rxd4 32. Rxd4 Nxd4 33. Be8 f6 34. b4 e5 35. b5 Kg8 36. b6 Bg4 37. b7 Bf3+ 38. Kf1 Bxb7 39. Nxb7 Kf8 40. Ba4 Ke7 41. Nc5 g5 42. Bd1 Kd6 43.
Ne4+ Ke6 44. Kg2 f5 45. Nc5+ Kd5 46. Nd7 Ke6 47. Nb6 e4 48. Ba4 f4 49. Bd1 f3+ 50.
Kf1 1-0

[Event "*** Titled Tuesday Blitz"]
[Site "Chess.com"]
[Date "2020.04.14"]
[Round "2"]
[White "Micki-taryan"]
[Black "GianmarcoVaR"]
[Result "1-0"]
[WhiteElo "3113"]
[BlackElo "2624"]
[TimeControl "180+1"]
[EndTime "10:17:52 PDT"]
[Termination "Micki-taryan won on time"]

1. d4 Nf6 2. Nf3 e6 3. c4 Bb4+ 4. Bd2 c5 5. Bxb4 cxb4 6. g3 b6 7. Bg2 Bb7 8. O-O O-O 9. Qd3 d6 10. Nbd2 Qe7 11. Rfd1 a5 12. a3 Na6 13. Ne1 Rac8 14.
e4 e5 15. Nc2 exd4 16. Qxd4 bxa3 17. bxa3 Nc5 18. Rab1 Na4 19. Ne3 Qe5 20. Qxe5 dxe5 21. Rdc1 Rfd8 22. Nd5 Bxd5 23. exd5 Rc7 24. Re1 Nd7 25.
Bh3 f6 26. f4 exf4 27. Re7 fxg3 28. d6 Rc6 29. Rxd7 Rxd7 30. Bxd7 gxh2+ 31. Kh1 Rxd6 32. Bxa4 Rxd2 33. Rxb6 g5 34. Rxf6 Kg7 35. Rf5 Kg6 36. Rxa5 g4 37. Be8+ Kf6 38. Rd5 Rc2 39. Rd3 Kg5 40.
Bd7 h5 41. a4 h4 42. Rd5+ Kf4 43. Rd4+ Kf3 44. Rxg4 1-0

[Event "*** Titled Tuesday Blitz"]
[Site "Chess.com"]
[Date "2020.04.14"]
[Round "2"]
[White "Mr_Sinigami"]
[Black "Jumbo"]
[Result "0-1"]
[WhiteElo "2577"]
[BlackElo "2862"]
[TimeControl "180+1"]
[EndTime "10:17:52 PDT"]
[Termination "Jumbo won by resignation"]

1. Nf3 g6 2. d4 Bg7 3. c4 d6 4. Nc3 Nd7 5. e4 e5 6. Be2 Ngf6 7. d5 Nc5 8. Qc2 a5 9. O-O O-O 10. Bd2 Ne8 11. b3 f5 12. a3 Nf6 13. Bg5 fxe4 14.
Nd2 Bf5 15. Bxf6 Qxf6 16. Ndxe4 Qh4 17. Bd3 b6 18. b4 Nd7 19. Nb5 Qd8 20. Ng3 e4 21.
Bxe4 Bxe4 22. Qxe4 Bxa1 23. Rxa1 axb4 24. Re1 Nc5 25. Qg4 bxa3 26. h4 a2 27. Ra1 Qf6 28.
Nd4 Qxf2+ 29. Kh2 Rf4 30. Qg5 Qxd4 31. h5 Rh4+ 0-1

[Event "*** Titled Tuesday Blitz"]
[Site "Chess.com"]
[Date "2020.04.14"]
[Round "2"]
[White "Korchmar_Vasiliy"]
[Black "BilguunSu"]
[Result "0-1"]
[WhiteElo "2520"]
[BlackElo "2769"]
[TimeControl "180+1"]
[EndTime "10:17:52 PDT"]
[Termination "BilguunSu won by checkmate"]

1. d4 d5 2. c4 e6 3. Nf3 c6 4. g3 dxc4 5. Bg2 b5 6. Ne5 a6 7. O-O Bb7 8. b3 cxb3 9. axb3 Nf6 10. Nc3 Be7 11. Bb2 O-O 12. Ne4 Nd5 13. Ba3 b4 14. Bb2 Nd7 15. Nd3 a5 16. Qc2 Ba6 17. Rfc1 Bb5 18. h4 Ra7 19. h5 h6 20. Nec5 Nxc5 21. Nxc5 Bxc5 22. Qxc5 Rd7 23. e4 Ne7 24. Bf3 f5 25. Qe5 Rf6 26. Rc5 fxe4 27. Bxe4 Nd5 28. Rac1 Rdf7 29. f4 Qd7 30. Bb1 Rf5 31. Bxf5 Rxf5 32.
Qe4 Rxh5 33. Qg6 Rf5 34. Re1 Rf6 35. Qg4 Kh7 36. Rc2 Rg6 37. Qf3 Qf7 38. Kf2 Qf5 39.
Qe4 Qh3 40. Rg1 Nf6 41. Qg2 Qf5 42. Rc5 Ne4+ 43. Ke3 Nxc5 44. dxc5 Qd3+ 45. Kf2 Qe2# 0-1

[Event "*** Titled Tuesday Blitz"]
[Site "Chess.com"]
[Date "2020.04.14"]
[Round "2"]
[White "KuzubovYuriy"]
[Black "PrinceCharming92"]
[Result "1-0"]
[WhiteElo "2792"]
[BlackElo "2340"]
[TimeControl "180+1"]
[EndTime "10:17:52 PDT"]
[Termination "KuzubovYuriy won by resignation"]

1. d4 d5 2. c4 c6 3. Nf3 Nf6 4. e3 e6 5. Bd3 Be7 6. Nbd2 O-O 7. b3 Nbd7 8. Bb2 b6 9. Qe2 Bb7 10. Ne5 Nxe5 11. dxe5 Nd7 12. O-O Rc8 13. Rad1 Qc7 14. f4 Rfd8 15. Nf3 f5 16. cxd5 cxd5 17. Nd4 Nf8 18.
g4 g6 19. gxf5 exf5 20. Rf3 Bc5 21. Nxf5 d4 22. Rg3 Ne6 23. Bc4 Bd5 24. Bxd4 Bxd4 25.
Nxd4 Bxc4 26. bxc4 Nxd4 27. Rxd4 Rxd4 28. exd4 Qxc4 29.
Qxc4+ Rxc4 30. Rd3 Kf7 31. Kf2 Ke6 32. d5+ Kd7 33.
Ke3 b5 34. d6 Rc8 35. Ke4 Rc4+ 36. Rd4 Rc1 37. Kd5 Re1 38. Rd2 a5 39. h4 b4 40. h5 a4 41. hxg6 hxg6 42. Rh2 Rd1+ 43. Kc5 b3 44. axb3 axb3 45. Kc4 Ke6 46. Kxb3 Rd4 47.
Rf2 g5 48. Kc3 Rd5 49. f5+ Kxe5 50. f6 Rxd6 51. f7 Rc6+ 52. Kd3 Rc8 53. f8=Q Rxf8 54. Rxf8 1-0

[Event "*** Titled Tuesday Blitz"]
[Site "Chess.com"]
[Date "2020.04.14"]
[Round "2"]
[White "Chichin_chao"]
[Black "GMMarcinDziuba"]
[Result "0-1"]
[WhiteElo "2368"]
[BlackElo "2677"]
[TimeControl "180+1"]
[EndTime "10:17:53 PDT"]
[Termination "GMMarcinDziuba won by resignation"]

1. e4 c6 2. d4 d5 3. Nd2 dxe4 4.
Nxe4 Bf5 5. Ng3 Bg6 6. h4 h6 7. Nh3 e6 8. Nf4 Bh7 9. Bc4 Nf6 10. c3 Bd6 11. Ngh5 Nxh5 12. Nxh5 Rg8 13. Qe2 Nd7 14.
Be3 Qa5 15. Nf4 O-O-O 16. Bd3 Bxd3 17. Nxd3 e5 18. O-O e4 19. Nc5 Bxc5 20. dxc5 f5 21. b4 Qb5 22. Qh5 Rdf8 23. Rfd1 Ne5 24. Rd6 g6 25.
Qd1 Nc4 26. Bf4 g5 27. a4 Qa6 28. b5 Qa5 29. bxc6 gxf4 30. cxb7+ Kb8 31. Rd7 Qxc5 32. Rb1 f3 33. Rd4 Rxg2+ 34. Kf1 Qc7 35. Rd7 Rxf2+ 36. Ke1 Re2+ 37. Kf1 Ne3+ 38. Kg1 Nxd1 39.
Rxc7 Kxc7 40. Rxd1 Kxb7 41. Rd7+ Kc6 0-1

[Event "*** Titled Tuesday Blitz"]
[Site "Chess.com"]
[Date "2020.04.14"]
[Round "2"]
[White "Blitzking642"]
[Black "Witik"]
[Result "0-1"]
[WhiteElo "2386"]
[BlackElo "2730"]
[TimeControl "180+1"]
[EndTime "10:17:53 PDT"]
[Termination "Witik won on time"]

1. e4 c6 2. d4 d5 3. exd5 cxd5 4. Bd3 Nc6 5. c3 Qc7 6. Nf3 Bg4 7. O-O e6 8. Nbd2 Bd6 9. h3 Bh5 10. Re1 Nf6 11. Qe2 O-O 12. g4 Bg6 13. Bxg6 hxg6 14. Ne5 Nd7 15. Ndf3 Rfe8 16. Nxd7 Qxd7 17. Ne5 Bxe5 18.
dxe5 d4 19. Qe4 dxc3 20. bxc3 Rac8 21. Be3 b6 22. h4 Ne7 23. c4 Qa4 24. Rec1 Rc7 25.
Bg5 Rec8 26. h5 gxh5 27. Bxe7 Rxe7 28. gxh5 Rec7 29. h6 Rxc4 30. Rxc4 Rxc4 31. Qa8+ Kh7 32. hxg7 Rg4+ 33. Kh1 Kxg7 34. Rg1 Rxg1+ 35. Kxg1 Qxa2 36. Qg2+ Kf8 37. Qa8+ Kg7 38. Qg2+ Kh6 39. Qh3+ Kg5 40. Qe3+ Kf5 41. Qd3+ Kxe5 42. Qe3+ Kd6 43. Qf3 Qb1+ 44.
Kg2 Qg6+ 0-1

[Event "*** Titled Tuesday Blitz"]
[Site "Chess.com"]
[Date "2020.04.14"]
[Round "2"]
[White "kasparicy"]
[Black "DenishevM"]
[Result "1-0"]
[WhiteElo "2324"]
[BlackElo "2610"]
[TimeControl "180+1"]
[EndTime "10:17:53 PDT"]
[Termination "kasparicy won by checkmate"]

1. e4 c5 2. Nf3 d6 3. d4 cxd4 4. Nxd4 Nf6 5. Nc3 a6 6. Qf3 Nbd7 7. g4 g6 8. Qg2 Ne5 9. g5 Nh5 10. f4 Nc6 11. Nxc6 bxc6 12. Be2 Qb6 13. Bd2 Qxb2 14.
O-O Qxc2 15. Bxh5 gxh5 16. Rac1 Qd3 17. Rf3 Qd4+ 18. Be3 Qb4 19. Rf2 Bg7 20. e5 O-O 21.
Qxc6 Bb7 22. Nd5 Bxc6 23. Nxb4 Be4 24. exd6 exd6 25. f5 Be5 26. Re1 Bc3 27. Bd2 Bxd2 28. Rxd2 Bxf5 29. Rxd6 a5 30. Nd5 Bg6 31. Nf6+ Kg7 32.
Re7 a4 33. h4 a3 34. Rdd7 Rab8 35. Rb7 Rxb7 36. Rxb7 Rc8 37. Ra7 Rc1+ 38. Kf2 Rc2+ 39. Ke3 Rxa2 40. Kd4 Ra1 41. Ra8 Rd1+ 42. Kc3 Rc1+ 43.
Kb4 Rb1+ 44. Ka5 h6 45. Rg8# 1-0

[Event "*** Titled Tuesday Blitz"]
[Site "Chess.com"]
[Date "2020.04.14"]
[Round "2"]
[White "sebsep"]
[Black "anesar92"]
[Result "1-0"]
[WhiteElo "2379"]
[BlackElo "2693"]
[TimeControl "180+1"]
[EndTime "10:17:54 PDT"]
[Termination "sebsep won by resignation"]

1. e4 c5 2. Nf3 d6 3. d4 cxd4 4. Nxd4 Nf6 5. Nc3 Nc6 6. Bg5 e6 7. Qd2 Qb6 8. Nb3 a6 9. O-O-O Qc7 10. f4 b5 11. Bxf6 gxf6 12. Kb1 Bd7 13. f5 h5 14. g3 Ne5 15. Qe1 b4 16. Ne2 a5 17. fxe6 fxe6 18.
Nbd4 a4 19. Nf4 b3 20. cxb3 axb3 21. a3 Bh6 22. Bh3 Bxf4 23. gxf4 Nc4 24. Rc1 Qc5 25.
Qc3 Rc8 26. Ka1 Nxa3 27. Qxc5 dxc5 28. Nxb3 Nb5 29. Nxc5 Ra8+ 30. Kb1 Bc6 31. Bxe6 Rh7 32. Bd5 Bxd5 33. exd5 Rha7 34. Rhe1+ Kf7 35. Kc2 Rd8 36. Rcd1 Rc8 37. b4 Ra2+ 38. Kb3 Ra3+ 39. Kb2 Rh3 40. Rd2 Ra8 41. d6 Rha3 42. Kc2 Rc3+ 43. Kd1 Rd8 44. Re7+ Kg6 45. Re6 Kf5 46. d7 Rxc5 47. Re8 Nc3+ 48. Ke1 Rxd7 49. Rxd7 Ne4 50. bxc5 Nxc5 51. Rd5+ 1-0

[Event "*** Titled Tuesday Blitz"]
[Site "Chess.com"]
[Date "2020.04.14"]
[Round "2"]
[White "SanQui14"]
[Black "kingmonkey2006"]
[Result "1-0"]
[WhiteElo "2318"]
[BlackElo "2591"]
[TimeControl "180+1"]
[EndTime "10:17:54 PDT"]
[Termination "SanQui14 won by resignation"]

1. b3 e5 2. Bb2 Nc6 3. c4 Nf6 4. Nf3 d6 5. g3 Be7 6. Bg2 O-O 7.
O-O Bf5 8. d3 Re8 9. h3 Qd7 10.
Kh2 Bf8 11. Nbd2 Bg6 12. Nh4 d5 13. Nxg6 hxg6 14. cxd5 Nxd5 15. Rc1 Rac8 16. Ne4 b6 17. e3 Ncb4 18. a3 Na6 19. Qc2 c5 20. Nd2 Rcd8 21. Nc4 f6 22. Rfd1 Qe6 23. d4 cxd4 24. exd4 e4 25.
Re1 f5 26. f3 e3 27. f4 Nac7 28. Ne5 Nb5 29. a4 Nbc7 30. Qc4 Bd6 31. Re2 a6 32. Qc6 Kh7 33. Qb7 Rb8 34. Qc6 Rbc8 35. Rec2 Rcd8 36.
Qb7 Rb8 37. Qc6 Nb4 38. Qf3 Nxc2 39. Rxc2 Rbc8 40. Qxe3 Nd5 41. Qe2 Rxc2 42. Qxc2 Ne3 43. Qe2 Nxg2 44. Qxg2 Qxb3 45. g4 fxg4 46. hxg4 Bxe5 47.
fxe5 Rc8 48. Qh3+ Kg8 49. Qxb3+ 1-0

[Event "*** Titled Tuesday Blitz"]
[Site "Chess.com"]
[Date "2020.04.14"]
[Round "2"]
[White "donotreadit"]
[Black "Harry_Rakkel"]
[Result "1-0"]
[WhiteElo "2736"]
[BlackElo "2519"]
[TimeControl "180+1"]
[EndTime "10:17:55 PDT"]
[Termination "donotreadit won by resignation"]

1. Nf3 d5 2. b3 Nf6 3. Bb2 Bg4 4.
g3 Nbd7 5. Bg2 e6 6. O-O Be7 7. c4 c6 8. d3 O-O 9. h3 Bxf3 10. exf3 a5 11. a3 Qb6 12. Nd2 Bc5 13. f4 Bd4 14.
Bxd4 Qxd4 15. Nf3 Qc3 16. Qb1 Nc5 17. Ne5 Nxb3 18. Ra2 a4 19. Rc2 Qd4 20. Kh2 Rfd8 21.
Qe1 g6 22. Qb4 Nd7 23. Nf3 Qc5 24. Qxb7 Qxa3 25. Qxc6 Rac8 26. Qb5 Rc5 27. Qa6 dxc4 28. dxc4 Rcc8 29. Ng5 Nbc5 30. Qa5 h6 31. Nf3 Qb3 32.
Rc3 Qb2 33. Re3 Ra8 34. Qc7 a3 35. Ne5 Nxe5 36. Bxa8 Rxa8 37. Qxc5 Nd7 38. Qc6 Nb6 39. Rxe6 Rc8 40. Rxg6+ fxg6 41. Qxg6+ Qg7 42. Qxb6 Qb2 43. Qe6+ Kf8 44. Qxc8+ Kg7 45. Qd7+ Kf6 46. Qd6+ Kf7 47. Qd5+ Ke8 48. Re1+ Kf8 49. Qf5+ 1-0